[Event "Titled Tuesday Blitz June 6 Late 2023"]
[White "Campos, Maria Jose"]
[Black "Kashtanov, Ruslan"]
[WhiteFideId "146803"]
[BlackFideId "4124871"]
[WhiteElo "2170"]
[BlackElo "2263"]
[Result "1-0"]
[Round "9"]
[TimeControl "180+2"]
[Date "2023.06.07"]
[WhiteClock "0:00:28"]
[BlackClock "0:00:12"]
[Board "81"]

1. c4 Nf6 2. Nf3 g6 3. g3 Bg7 4. Bg2 O-O 5. O-O d6 6. Nc3 e5 7. d3 c6 8. Rb1 a5 9. a3 Re8 10. b4 axb4 11. axb4 d5 12. cxd5 cxd5 13. Bg5 Be6 14. Nd2 h6 15. Bxf6 Bxf6 16. Nb3 b6 17. Qd2 Bg7 18. Rfc1 Nc6 19. Nb5 Rc8 20. e3 Qd7 21. d4 e4 22. Rc2 Bf8 23. Nc1 Nxb4 24. Rxc8 Rxc8 25. Na3 Qa4 26. Ra1 Nc2 27. Nxc2 Qxc2 28. Qxc2 Rxc2 29. Bf1 Bb4 30. Rb1 Be1 31. Ne2 Ba5 32. Nf4 Kf8 33. Rb5 Be1 34. Be2 g5 35. Nxe6+ fxe6 36. Kf1 Ba5 37. Rb3 Ke7 38. Rb1 Kd6 39. Bd1 Ra2 40. Bb3 Rd2 41. Rc1 e5 42. dxe5+ Kxe5 43. Rc6 h5 44. h3 Rb2 45. Ba4 d4 46. exd4+ Kxd4 47. Rd6+ Ke5 48. Rh6 b5 49. Rxh5 Kf6 50. Bd1 Rb1 51. Ke2 Rb2+ 52. Ke3 Kg6 53. Bg4 Bb6+ 54. Kxe4 Rxf2 55. Rh8 Bc7 56. Rg8+ Kf6 57. Rf8+ 1-0


[Site "https://www.chess.com"]

[Event "Titled Tuesday Blitz June 6 Late 2023"]
[White "Yanayt, Eugene"]
[Black "Eidelman, Gabriel"]
[WhiteFideId "2020165"]
[BlackFideId "30910544"]
[WhiteElo "2083"]
[BlackElo "2445"]
[Result "0-1"]
[Round "9"]
[TimeControl "180+2"]
[Date "2023.06.07"]
[WhiteClock "0:00:03"]
[BlackClock "0:00:31"]
[Board "82"]

1. d4 d6 2. Nf3 Nf6 3. c4 g6 4. Nc3 Bg7 5. e4 O-O 6. Be2 e5 7. O-O Na6 8. Re1 Qe8 9. Bf1 c6 10. d5 cxd5 11. cxd5 Nc5 12. b4 Ncd7 13. Nb5 Qe7 14. Be3 b6 15. Bg5 h6 16. Bh4 g5 17. Bg3 Bb7 18. h4 g4 19. Nd2 h5 20. Nc7 Rac8 21. Na6 Bh6 22. Rb1 Rc3 23. Rb3 Rxb3 24. axb3 Rc8 25. b5 Bf4 26. Bh2 Nc5 27. b4 Ncd7 28. g3 Bh6 29. Qe2 Nf8 30. Rd1 Ng6 31. f3 gxf3 32. Qxf3 Ng4 33. Be2 Rc2 34. Bd3 Rxd2 35. Rxd2 Bxd2 36. Qf5 Bxa6 37. bxa6 Qf6 38. Qxf6 Nxf6 39. Kg2 Ng4 0-1


[Site "https://www.chess.com"]

[Event "Titled Tuesday Blitz June 6 Late 2023"]
[White "Krzywda, Andrzej"]
[Black "Arnold, Ken"]
[WhiteFideId "1114565"]
[BlackFideId "2056836"]
[WhiteElo "2138"]
[BlackElo "2439"]
[Result "0-1"]
[Round "9"]
[TimeControl "180+2"]
[Date "2023.06.07"]
[WhiteClock "0:00:04"]
[BlackClock "0:00:21"]
[Board "83"]

1. e4 c6 2. d4 d5 3. exd5 cxd5 4. Bd3 Nf6 5. c3 Nc6 6. Bf4 Bg4 7. Qb3 Qc8 8. Nd2 e6 9. Ngf3 Be7 10. O-O O-O 11. Rae1 a6 12. Ne5 Bh5 13. Re3 Nxe5 14. Bxe5 Bg6 15. Bxg6 hxg6 16. Qd1 Rd8 17. g4 b5 18. a3 a5 19. g5 Nh5 20. Qg4 b4 21. axb4 axb4 22. Rc1 Ra2 23. Nf1 Qa6 24. Ng3 Ra1 25. Rce1 Rxe1+ 26. Rxe1 Nxg3 27. hxg3 bxc3 28. bxc3 Qd3 29. Re3 Qb1+ 30. Kg2 Ra8 31. Qf4 Ra1 32. Qh4 Qf1+ 33. Kf3 Re1 34. Rxe1 Qxe1 35. Kg2 Qxc3 36. Qf4 Qc2 37. Qe3 Qe4+ 38. Qxe4 dxe4 39. Bf4 f5 40. Kf1 Kf7 41. Ke2 Ke8 42. Kd2 Kd7 43. Kc3 Kc6 44. Kc4 Bd6 45. Be3 e5 46. d5+ Kd7 47. Bb6 f4 48. Ba5 e3 49. fxe3 f3 50. Be1 e4 51. Kd4 Be7 52. Kxe4 Bxg5 53. Kxf3 Kd6 54. e4 Bf6 55. Bd2 g5 56. Be3 Ke5 57. Bd2 g4+ 58. Kxg4 Kxe4 59. d6 Kd5 60. Bf4 Ke6 61. Kh5 Bd4 62. Kg6 Bf6 63. g4 Bd4 64. Bg3 Bc3 65. Bf4 Bd4 66. g5 Bc3 67. Bg3 Bd4 68. Kh7 Kf7 69. g6+ Ke6 70. Kg8 Kd7 71. Kf7 Bf6 72. Bf4 Bd4 73. Bg3 Bc3 74. Bh2 Bd4 75. Bf4 Bc3 76. Bh6 gxh6 77. g7 Bxg7 78. Kxg7 h5 79. Kf6 h4 80. Ke5 h3 0-1


[Site "https://www.chess.com"]

[Event "Titled Tuesday Blitz June 6 Late 2023"]
[White "marik_spb"]
[Black "Pavlidou, Ekaterini"]
[BlackFideId "4213262"]
[WhiteElo "2438"]
[BlackElo "2126"]
[Result "1-0"]
[Round "9"]
[TimeControl "180+2"]
[Date "2023.06.07"]
[WhiteClock "0:00:06"]
[BlackClock "0:00:40"]
[Board "84"]

1. d4 Nf6 2. c4 e6 3. g3 c5 4. d5 exd5 5. cxd5 d6 6. Nc3 g6 7. Bg2 Bg7 8. Nf3 O-O 9. O-O a6 10. a4 Nbd7 11. Bf4 Ne8 12. e4 Qe7 13. Re1 h6 14. Nd2 Ne5 15. Qc2 Bd7 16. a5 Nc7 17. Na4 Bxa4 18. Rxa4 Nb5 19. Nc4 Nxc4 20. Rxc4 Nd4 21. Qd2 g5 22. Be3 Nb5 23. b4 cxb4 24. Qxb4 Rac8 25. Rec1 Qd7 26. Bb6 g4 27. Bf1 Rce8 28. R4c2 f5 29. Bxb5 Qxb5 30. Qxb5 axb5 31. exf5 Rxf5 32. Rc7 Rxd5 33. Rxb7 Ra8 34. Rcc7 Be5 35. Rd7 Rd1+ 36. Kg2 b4 37. Rd8+ Rxd8 38. Bxd8 Ra1 39. Rxb4 Kf7 40. Rxg4 Ke8 41. Bb6 Kd7 42. Rg6 h5 43. Rg5 h4 44. gxh4 Ra4 45. h5 Rh4 46. h3 Kc6 47. Be3 Ra4 48. h6 Rxa5 49. h7 Ra7 50. Rxe5 Rxh7 51. Rg5 Kd7 52. Rg6 d5 53. Bf4 Rf7 54. Rd6+ Ke7 55. Bg3 Rf5 56. h4 Kf7 57. Kh3 Kg7 58. Kg4 Rf7 59. Rxd5 Rb7 60. Rg5+ Kh7 61. f4 Rb4 62. Kh5 Rb7 63. f5 Rb6 64. Be5 Rb5 65. Rg7+ Kh8 66. Re7+ Kg8 67. f6 Rc5 68. Kg6 Kf8 69. Re6 Rc8 70. Bd6+ Kg8 71. f7+ Kh8 72. Re8+ Rxe8 73. fxe8=Q# 1-0


[Site "https://www.chess.com"]

[Event "Titled Tuesday Blitz June 6 Late 2023"]
[White "Dedona, Mark"]
[Black "Jaivardhan Raj"]
[WhiteFideId "30920256"]
[BlackFideId "25744437"]
[WhiteElo "2074"]
[BlackElo "1772"]
[Result "1-0"]
[Round "9"]
[TimeControl "180+2"]
[Date "2023.06.07"]
[WhiteClock "0:02:14"]
[BlackClock "0:01:38"]
[Board "85"]

1. e4 c5 2. b3 b6 3. Bb2 Bb7 4. d3 Nf6 5. Nd2 d6 6. g3 Nbd7 7. Bg2 Qc7 8. Ne2 e6 9. O-O Be7 10. h3 O-O 11. Kh2 d5 12. f4 dxe4 13. dxe4 Rad8 14. Qe1 e5 15. f5 Ba6 16. c4 Nb8 17. Nc3 Nc6 18. Nd5 Nxd5 19. exd5 Nd4 20. Bxd4 exd4 21. Ne4 Bc8 22. f6 gxf6 23. Nxf6+ Bxf6 24. Rxf6 Rde8 25. Qd2 Re3 26. Rf3 Rfe8 27. Raf1 h6 28. Qf2 Re2 29. Rxf7 Rxf2 30. Rxc7 Rxa2 31. d6 Ree2 32. Rxc8+ Kg7 33. Rg1 Re6 34. d7 Rd6 35. d8=Q Rxd8 36. Rxd8 Rb2 37. Re1 Rxb3 38. Rd6 Rb2 39. Re7+ Kf8 40. Rc7 Re2 41. Rd8+ Re8 42. Rxe8+ Kxe8 43. Rxa7 Kd8 44. Rb7 Kc8 45. Rxb6 Kc7 46. Rc6+ Kd7 47. Rxc5 Ke6 48. Rd5 Kf6 49. Rxd4 Ke6 50. Rd5 Kf6 51. c5 Ke6 52. c6 Kf6 53. c7 Ke6 54. c8=Q+ Kf6 55. Qc6+ Ke7 56. Rd7+ 1-0


[Site "https://www.chess.com"]

[Event "Titled Tuesday Blitz June 6 Late 2023"]
[White "mohsengabr2002"]
[Black "Kujawski, Adam"]
[BlackFideId "1100920"]
[WhiteElo "2273"]
[BlackElo "2054"]
[Result "0-1"]
[Round "9"]
[TimeControl "180+2"]
[Date "2023.06.07"]
[WhiteClock "0:00:01"]
[BlackClock "0:00:02"]
[Board "86"]

1. e4 e5 2. Nc3 Nf6 3. g3 h5 4. Bg2 h4 5. d4 exd4 6. Qxd4 Nc6 7. Qa4 Bc5 8. Nh3 d6 9. Bg5 hxg3 10. hxg3 Bd7 11. O-O-O Ne5 12. Qb3 Be6 13. Qa4+ Bd7 14. Qb3 Be6 15. Nd5 c6 16. Qxb7 cxd5 17. f4 Rb8 18. Qa6 Rb6 19. Qe2 Nc4 20. exd5 Nxb2 21. dxe6 O-O 22. e7 Qb8 23. exf8=Q+ Kxf8 24. Bxf6 gxf6 25. Rd5 Nc4 26. Qxc4 Rb1+ 27. Kd2 Bb4+ 28. c3 Rb2+ 29. Kd3 Ba5 0-1


[Site "https://www.chess.com"]

[Event "Titled Tuesday Blitz June 6 Late 2023"]
[White "Prydun, Andriy"]
[Black "Belov, Alexei"]
[WhiteFideId "14145898"]
[BlackFideId "4128206"]
[WhiteElo "2164"]
[BlackElo "2608"]
[Result "1-0"]
[Round "9"]
[TimeControl "180+2"]
[Date "2023.06.07"]
[WhiteClock "0:00:20"]
[BlackClock "0:00:52"]
[Board "87"]

1. e4 e6 2. a3 d5 3. e5 c5 4. b4 cxb4 5. axb4 Bxb4 6. Nf3 Nc6 7. Bd3 Nge7 8. O-O Bd7 9. c3 Bc5 10. Bc2 a6 11. d4 Ba7 12. Ng5 g6 13. Ra3 h6 14. Nh3 Rb8 15. Bb2 Rc8 16. Nd2 Na5 17. c4 Nxc4 18. Nxc4 dxc4 19. d5 Nxd5 20. Rf3 Qe7 21. Nf4 Nxf4 22. Rxf4 b5 23. h4 Bc6 24. h5 g5 25. Rf6 Rd8 26. Qg4 Qb4 27. Bg6 fxg6 28. Rxe6+ Kf7 29. Rf6+ Kg7 30. Rxg6+ Kh7 31. Qf5 Be4 32. Qf7# 1-0


[Site "https://www.chess.com"]

[Event "Titled Tuesday Blitz June 6 Late 2023"]
[White "Palencia Morales, Wilson Guillermo"]
[Black "Shapiro, Daniel"]
[WhiteFideId "4401859"]
[BlackFideId "2001780"]
[WhiteElo "2144"]
[BlackElo "2357"]
[Result "1-0"]
[Round "9"]
[TimeControl "180+2"]
[Date "2023.06.07"]
[WhiteClock "0:01:34"]
[BlackClock "0:00:02"]
[Board "88"]

1. d4 Nf6 2. c4 e6 3. Nf3 b6 4. g3 Ba6 5. Qc2 c6 6. Bg2 d5 7. Nbd2 Nbd7 8. O-O Be7 9. Re1 O-O 10. e4 Bb7 11. e5 Ne8 12. cxd5 cxd5 13. Nf1 a5 14. h4 Ba6 15. N1h2 Rc8 16. Qd1 Qc7 17. Bg5 Bxg5 18. Nxg5 h6 19. Nh3 Qc2 20. Qh5 Bd3 21. Nf4 Bh7 22. Re2 Qf5 23. Qf3 f6 24. Bh3 g5 25. Bxf5 Bxf5 26. Nxd5 Kg7 27. exf6+ Nexf6 28. Nxf6 Rxf6 29. hxg5 hxg5 30. Qb7 Rd8 31. d5 Rf7 32. dxe6 Re7 33. Qc7 1-0


[Site "https://www.chess.com"]

[Event "Titled Tuesday Blitz June 6 Late 2023"]
[White "Rios Escobar, Adan"]
[Black "Mazurkiewicz, Michal"]
[WhiteFideId "3403645"]
[BlackFideId "1124943"]
[WhiteElo "2455"]
[BlackElo "2063"]
[Result "1-0"]
[Round "9"]
[TimeControl "180+2"]
[Date "2023.06.07"]
[WhiteClock "0:00:08"]
[BlackClock "0:00:01"]
[Board "89"]

1. d4 Nf6 2. g3 g6 3. Bg2 Bg7 4. e4 d6 5. Ne2 O-O 6. O-O e5 7. Nbc3 Nc6 8. dxe5 dxe5 9. Bg5 Qxd1 10. Raxd1 h6 11. Be3 Nb4 12. Bc5 Nxc2 13. Bxf8 Bxf8 14. Rd8 Kg7 15. Bh3 Bxh3 16. Rxa8 Bxf1 17. Kxf1 Bc5 18. Na4 Nxe4 19. Nxc5 Nxc5 20. Rxa7 Nb4 21. Nc3 f5 22. Ra5 b6 23. Ra7 Ne6 24. a3 Nc6 25. Rb7 Na5 26. Rb8 Nc4 27. Na4 Kf6 28. Rc8 b5 29. Nc3 Nxb2 30. Nxb5 c5 31. Nc3 e4 32. a4 Nc4 33. Nd5+ Ke5 34. Ne7 g5 35. Nc6+ Kf6 36. a5 f4 37. a6 e3 38. a7 Nb6 39. Rb8 Nd4 40. Rxb6 e2+ 41. Ke1 f3 42. Nxd4+ Ke5 43. Nxf3+ 1-0


[Site "https://www.chess.com"]

[Event "Titled Tuesday Blitz June 6 Late 2023"]
[White "Gerbelli Neto, Eduardo"]
[Black "KorolDimitriy75"]
[WhiteFideId "2103281"]
[WhiteElo "2178"]
[BlackElo "2442"]
[Result "1-0"]
[Round "9"]
[TimeControl "180+2"]
[Date "2023.06.07"]
[WhiteClock "0:00:54"]
[BlackClock "0:00:01"]
[Board "90"]

1. e4 c5 2. Nc3 g6 3. f4 Bg7 4. Nf3 Nc6 5. Bc4 e6 6. f5 Nge7 7. fxe6 dxe6 8. d3 O-O 9. O-O Na5 10. Qe1 Nec6 11. Bg5 f6 12. Be3 Nd4 13. Qf2 Nxc4 14. dxc4 Nxf3+ 15. Qxf3 Qe7 16. e5 f5 17. Qg3 b6 18. Bg5 Qc7 19. Bf4 Bb7 20. Nb5 Qc6 21. Nd6 Rad8 22. Rad1 Ba8 23. Rf2 Rd7 24. h4 Kh8 25. b3 Rg8 26. Rd3 Bf8 27. Bg5 h6 28. Bf6+ Kh7 29. Rfd2 Bg7 30. h5 Bxf6 31. exf6 gxh5 32. Qh3 Rg4 33. f7 Rd8 34. Ne8 1-0


[Site "https://www.chess.com"]

[Event "Titled Tuesday Blitz June 6 Late 2023"]
[White "Herman, Daniel"]
[Black "Pace, Christopher"]
[WhiteFideId "30935008"]
[BlackFideId "2610167"]
[WhiteElo "1897"]
[BlackElo "2330"]
[Result "1-0"]
[Round "9"]
[TimeControl "180+2"]
[Date "2023.06.07"]
[WhiteClock "0:00:26"]
[BlackClock "0:00:02"]
[Board "91"]

1. Nf3 Nf6 2. g3 g6 3. Bg2 Bg7 4. O-O O-O 5. d3 d5 6. Nc3 d4 7. Ne4 Nxe4 8. dxe4 c5 9. e3 Nc6 10. exd4 cxd4 11. Bg5 h6 12. Bd2 Qb6 13. b3 a5 14. a4 Be6 15. Ne1 d3 16. Nxd3 Bxa1 17. Qxa1 Kh7 18. Be3 Qc7 19. Nc5 Bc8 20. f4 b6 21. Nd3 Ba6 22. f5 Rad8 23. Bf4 Qc8 24. Bh3 g5 25. Be3 Nd4 26. Bxd4 Qxc2 27. Ne5 Bxf1 28. Bxf1 Qxe4 29. Bxb6 Rd2 30. f6 exf6 31. Nc4 Rd5 32. Qxf6 Rf5 33. Qc3 Rxf1+ 34. Kxf1 Re8 35. Kg1 Qb1+ 36. Kf2 Qa2+ 37. Qb2 1-0


[Site "https://www.chess.com"]

[Event "Titled Tuesday Blitz June 6 Late 2023"]
[White "Gonzalez Vega, Alejandro"]
[Black "Shapiro, Viktor"]
[WhiteFideId "3510042"]
[BlackFideId "4175700"]
[WhiteElo "2326"]
[BlackElo "2212"]
[Result "0-1"]
[Round "9"]
[TimeControl "180+2"]
[Date "2023.06.07"]
[WhiteClock "0:00:37"]
[BlackClock "0:02:10"]
[Board "92"]

1. e4 c5 2. Nf3 d6 3. d4 cxd4 4. c3 dxc3 5. Nxc3 Nc6 6. Bc4 e6 7. O-O Nf6 8. Qe2 Be7 9. Rd1 e5 10. h3 O-O 11. Bg5 Be6 12. Bb5 Qb6 13. Bxf6 Bxf6 14. Rxd6 Rad8 15. Rad1 Nd4 16. Rxb6 Nxe2+ 17. Bxe2 Rxd1+ 18. Bxd1 axb6 19. a3 Rd8 20. Be2 Be7 21. Kf1 f6 22. Ke1 Bc5 23. Bb5 Kf7 24. Ke2 g5 25. Nd2 Bxf2 26. Bc4 Rxd2+ 0-1


[Site "https://www.chess.com"]

[Event "Titled Tuesday Blitz June 6 Late 2023"]
[White "Omariev, Maksim"]
[Black "Holtel, Jasper"]
[WhiteFideId "4193423"]
[BlackFideId "12956376"]
[WhiteElo "2403"]
[BlackElo "2412"]
[Result "1-0"]
[Round "9"]
[TimeControl "180+2"]
[Date "2023.06.07"]
[WhiteClock "0:00:27"]
[BlackClock "0:00:01"]
[Board "93"]

1. g4 d5 2. Bg2 Bxg4 3. c4 c6 4. Qb3 Nf6 5. Qxb7 Nbd7 6. d4 e5 7. h3 Be6 8. Nf3 exd4 9. Nxd4 Nc5 10. Nxe6 Qa5+ 11. Bd2 Nxb7 12. Bxa5 fxe6 13. Bc3 Bd6 14. Nd2 O-O 15. O-O-O Nc5 16. b3 a5 17. Rhf1 a4 18. b4 Ncd7 19. c5 Bc7 20. e4 Nh5 21. exd5 exd5 22. a3 Nf4 23. Bf3 Nd3+ 24. Kc2 N3e5 25. Be2 Nf6 26. f4 Ng6 27. f5 Nf4 28. Bd3 Nxh3 29. Nf3 Nf4 30. Nd4 Nxd3 31. Kxd3 Ne4 32. Nxc6 Nxc3 33. Kxc3 Rae8 34. Rxd5 Re3+ 35. Rd3 Re2 36. b5 h5 37. b6 Bb8 38. Rd8 Rxd8 39. Nxd8 h4 40. c6 h3 41. c7 1-0


[Site "https://www.chess.com"]

[Event "Titled Tuesday Blitz June 6 Late 2023"]
[White "Buchenau, Frank"]
[Black "Rian, Kapriaga"]
[WhiteFideId "4604350"]
[BlackFideId "7103263"]
[WhiteElo "2157"]
[BlackElo "2322"]
[Result "1-0"]
[Round "9"]
[TimeControl "180+2"]
[Date "2023.06.07"]
[WhiteClock "0:01:07"]
[BlackClock "0:00:07"]
[Board "94"]

1. e4 c6 2. Nf3 d5 3. Nc3 dxe4 4. Nxe4 Nf6 5. Qe2 Nxe4 6. Qxe4 Qd5 7. Qe3 Bg4 8. Ne5 Bf5 9. Bc4 Qd6 10. Nxf7 Qg6 11. Nxh8 Qxg2 12. Rf1 Nd7 13. Bf7+ Kd8 14. d3 e6 15. Qg5+ Qxg5 16. Bxg5+ Be7 17. Bh5 g6 18. Bf3 Ne5 19. Be2 Bxg5 20. d4 Ke7 21. dxe5 Rxh8 22. Bd3 Bxd3 23. cxd3 Rd8 24. f4 Bh6 25. Ke2 Rd4 26. Ke3 c5 27. Rac1 b6 28. Rc4 Rd5 29. Ke4 g5 30. f5 Kd7 31. fxe6+ Kc6 32. e7 1-0


[Site "https://www.chess.com"]

[Event "Titled Tuesday Blitz June 6 Late 2023"]
[White "Ozalp, Burak"]
[Black "Weisz, Bryan"]
[WhiteFideId "6314210"]
[BlackFideId "30934133"]
[WhiteElo "2106"]
[BlackElo "2321"]
[Result "0-1"]
[Round "9"]
[TimeControl "180+2"]
[Date "2023.06.07"]
[WhiteClock "0:00:11"]
[BlackClock "0:00:10"]
[Board "95"]

1. e4 d5 2. Nc3 dxe4 3. Nxe4 Qd5 4. Nc3 Qa5 5. g3 Nf6 6. Bg2 c6 7. Nge2 Bf5 8. O-O e6 9. d3 Qc7 10. a4 Bd6 11. a5 Na6 12. Bg5 O-O 13. Bxf6 gxf6 14. Nd4 Bg6 15. h4 h5 16. Qf3 Kg7 17. Rfe1 Nb4 18. Rxe6 Be5 19. Rxe5 Qxe5 20. Nde2 Nxc2 21. Ra4 Rad8 22. Nf4 Ne1 23. Qe3 Qxe3 24. fxe3 Nxd3 25. Nfe2 Nxb2 26. Rb4 Rd2 27. Rxb7 Nc4 28. Kf1 Nxe3+ 29. Ke1 Ra2 30. Bxc6 Rxa5 31. Be4 Bxe4 32. Nxe4 Re5 33. N4c3 Nd5 34. Nxd5 Rxd5 35. Nf4 Re5+ 36. Kf2 a5 37. Ra7 Rb8 38. Kf3 Rb3+ 39. Kg2 Rb4 40. Kh3 a4 41. Ra6 Re3 42. Nxh5+ Kg6 43. Nxf6 Re6 44. Nd5 Rxa6 45. Nxb4 Rb6 46. Na2 Rb2 47. Nc3 a3 48. g4 a2 49. h5+ Kg7 50. Kh4 a1=Q 51. Ne4 Qe1+ 52. Ng3 Rh2+ 53. Kg5 Qxg3 54. h6+ Kh7 55. Kf5 Qf3+ 56. Kg5 Qe3+ 57. Kf5 Qxh6 58. g5 Qe6+ 59. Kf4 Rh4+ 60. Kg3 Qg4+ 61. Kf2 Rh2+ 62. Kf1 Qg2+ 0-1


[Site "https://www.chess.com"]

[Event "Titled Tuesday Blitz June 6 Late 2023"]
[White "Celestino, Rafael Teixeira"]
[Black "Ai, Evan"]
[WhiteFideId "2108925"]
[BlackFideId "2094770"]
[WhiteElo "2311"]
[BlackElo "1963"]
[Result "0-1"]
[Round "9"]
[TimeControl "180+2"]
[Date "2023.06.07"]
[WhiteClock "0:00:11"]
[BlackClock "0:00:20"]
[Board "96"]

1. e4 e5 2. Nf3 Nc6 3. Bc4 Nf6 4. Ng5 d5 5. exd5 Na5 6. Bb5+ c6 7. dxc6 bxc6 8. Qf3 Qd5 9. Qxd5 Nxd5 10. Ba4 h6 11. Nf3 e4 12. Nd4 Nf4 13. O-O Bc5 14. Nb3 Nxb3 15. Bxc6+ Bd7 16. Bxd7+ Kxd7 17. axb3 Ne2+ 18. Kh1 Nd4 19. Ra5 Bb6 20. Rd5+ Ke6 21. Nc3 Nxc2 22. Rh5 f5 23. Na4 Nd4 24. d3 exd3 25. Re1+ Kf6 26. Bd2 g5 27. Bc3 Kg6 28. Rh3 Nc2 29. Re6+ Kf7 30. Rf6+ Ke7 31. Rxd3 Rhd8 32. Rxd8 Rxd8 33. g3 Rd1+ 34. Kg2 Ne1+ 35. Kf1 Nc2+ 36. Ke2 Rd6 37. Rxd6 Kxd6 38. Kd3 Na1 39. Nxb6 axb6 40. Bb4+ Kd5 41. Kc3 Ke4 42. Bf8 h5 43. Bg7 Kf3 44. Bd4 b5 45. Bf6 g4 46. Bd4 Kg2 47. b4 Kxh2 48. b3 Kg2 49. Kb2 Nxb3 50. Kxb3 f4 51. Kc3 fxg3 52. fxg3 Kxg3 53. Be5+ Kg2 54. Kd4 h4 55. Ke4 g3 56. Kf4 h3 57. Kg4 h2 58. Bxg3 h1=Q 59. Kf5 Qh3+ 60. Kf4 Qxg3+ 61. Ke4 Qb3 62. Kd4 Qc4+ 63. Ke5 Qxb4 64. Kd5 Qc4+ 65. Ke5 b4 66. Kd6 b3 67. Ke5 b2 68. Kd6 b1=Q 69. Ke5 Qbd3 70. Kf6 Qdd5 71. Ke7 Qcc6 72. Kf8 Qdd7 73. Kg8 Qcc8# 0-1


[Site "https://www.chess.com"]

[Event "Titled Tuesday Blitz June 6 Late 2023"]
[White "Simonovic, Miroslav"]
[Black "Lalanne, Pablo"]
[WhiteFideId "919152"]
[BlackFideId "112151"]
[WhiteElo "2075"]
[BlackElo "2120"]
[Result "0-1"]
[Round "9"]
[TimeControl "180+2"]
[Date "2023.06.07"]
[WhiteClock "0:00:14"]
[BlackClock "0:00:10"]
[Board "97"]

1. d4 Nf6 2. Bg5 e6 3. e4 c5 4. Bxf6 Qxf6 5. c3 cxd4 6. cxd4 Nc6 7. Nf3 Bb4+ 8. Nc3 O-O 9. Be2 Qf4 10. Qd3 b6 11. O-O a5 12. a4 Ba6 13. Nb5 d5 14. e5 f6 15. Rac1 Rac8 16. exf6 Qxf6 17. Rc2 Qh6 18. Rfc1 Ne7 19. Rxc8 Nxc8 20. Rc2 Bd6 21. h3 Bf4 22. Qa3 Bxb5 23. axb5 Bd6 24. Qe3 Bf4 25. Qc3 Nd6 26. Bd3 Rc8 27. Qa3 Rxc2 28. Bxc2 Nxb5 29. Qe7 Nd6 30. Ne5 Qf6 31. Qxd6 g6 32. Qb8+ Kg7 33. Qc7+ Kg8 34. Qxb6 Bxe5 35. dxe5 Qxe5 36. Qb8+ Qxb8 37. Bd3 Qxb2 38. Kh2 a4 39. Be2 a3 0-1


[Site "https://www.chess.com"]

[Event "Titled Tuesday Blitz June 6 Late 2023"]
[White "Wang, Alexander J"]
[Black "Romero Ruscalleda, Josep"]
[WhiteFideId "30955270"]
[BlackFideId "2231859"]
[WhiteElo "2272"]
[BlackElo "2183"]
[Result "0-1"]
[Round "9"]
[TimeControl "180+2"]
[Date "2023.06.07"]
[WhiteClock "0:00:15"]
[BlackClock "0:01:01"]
[Board "98"]

1. e4 g6 2. d4 Bg7 3. Nf3 d6 4. Nc3 a6 5. Be3 b5 6. a3 Bb7 7. Be2 Nf6 8. Bd3 O-O 9. O-O Nbd7 10. h3 c5 11. d5 b4 12. axb4 cxb4 13. Ne2 Nc5 14. Ng3 Nxd3 15. cxd3 Nd7 16. Qb3 a5 17. d4 Qb6 18. Ne2 Qb5 19. Nc3 Qb6 20. Na4 Qb5 21. Rfc1 Rfc8 22. Rxc8+ Rxc8 23. Rc1 Rxc1+ 24. Bxc1 Ba6 25. Be3 h6 26. Qa2 Nf6 27. e5 Nxd5 28. exd6 exd6 29. b3 Nc3 30. Nxc3 bxc3 31. Qc2 Qd3 32. Qxd3 Bxd3 33. Ne1 Be2 34. f3 Bd1 35. Kf2 Bxb3 0-1


[Site "https://www.chess.com"]

[Event "Titled Tuesday Blitz June 6 Late 2023"]
[White "Srdanovic, Jovana"]
[Black "Stachanczyk, Jacek"]
[WhiteFideId "954810"]
[BlackFideId "1116657"]
[WhiteElo "2155"]
[BlackElo "2084"]
[Result "1-0"]
[Round "9"]
[TimeControl "180+2"]
[Date "2023.06.07"]
[WhiteClock "0:00:02"]
[BlackClock "0:00:03"]
[Board "99"]

1. d4 Nf6 2. c4 g6 3. Nc3 Bg7 4. e4 d6 5. h3 O-O 6. Be3 c5 7. d5 b5 8. cxb5 a6 9. bxa6 Bxa6 10. Bxa6 Nxa6 11. Nge2 Qa5 12. O-O Qb4 13. Qc1 Nxe4 14. a3 Nxc3 15. Nxc3 Qb3 16. Rb1 Nc7 17. Bh6 Nxd5 18. Bxg7 Kxg7 19. Nxd5 Qxd5 20. Qc3+ f6 21. Rbd1 Qe5 22. Qc2 Ra7 23. Rfe1 Qf5 24. Qc4 Rb8 25. Rd2 Rb6 26. Rde2 e5 27. b4 cxb4 28. axb4 Qd7 29. Rd1 Rab7 30. Qd5 Qf7 31. Qa5 Rb5 32. Qa1 d5 33. Qa2 d4 34. Qa6 Rxb4 35. Rc2 R4b6 36. Qa8 Rb1 37. Rxb1 Rxb1+ 38. Kh2 d3 39. Rd2 Qd7 40. Qe4 Rb3 41. Qc4 Ra3 42. Qb4 Ra6 43. Qc4 Rd6 44. Qe4 Rd4 45. Qe3 Qd6 46. f3 e4+ 47. Kh1 exf3 48. Qxf3 h6 49. Qb7+ Qd7 50. Qf3 g5 51. Qe3 h5 52. Qf3 g4 53. Qe3 Qd6 54. hxg4 hxg4 55. Kg1 g3 56. Qf3 Qe5 57. Rd1 1-0


[Site "https://www.chess.com"]

[Event "Titled Tuesday Blitz June 6 Late 2023"]
[White "sebastianmarinp"]
[Black "Sanchez, Robert"]
[BlackFideId "2034360"]
[WhiteElo "2366"]
[BlackElo "1892"]
[Result "1-0"]
[Round "9"]
[TimeControl "180+2"]
[Date "2023.06.07"]
[WhiteClock "0:00:31"]
[BlackClock "0:00:13"]
[Board "100"]

1. e4 e6 2. d4 d5 3. Nc3 Nf6 4. e5 Ne4 5. Nxe4 dxe4 6. Be3 c5 7. dxc5 Nd7 8. b4 Nxe5 9. Qxd8+ Kxd8 10. O-O-O+ Ke8 11. Nh3 f5 12. Bb5+ Kf7 13. Ng5+ Kg6 14. h4 h6 15. h5+ Kf6 16. Nh3 Ng4 17. Nf4 Nxe3 18. fxe3 Be7 19. Ng6 Rd8 20. Nxe7 Kxe7 21. Rxd8 Kxd8 22. g4 Ke7 23. Kb2 a6 24. Bc4 Bd7 25. gxf5 exf5 26. Rg1 Kf8 27. Rd1 Rd8 28. Rd6 Ke7 29. Rg6 f4 30. Rxg7+ Kf6 31. Rf7+ Kg5 32. Rxf4 Bc6 33. Bf7 Rd2 34. Bg6 Re2 35. Bxe4 Rxe3 36. Rf5+ Kg4 37. Bxc6 bxc6 38. Rf6 Kg5 39. Rxc6 Kxh5 40. Rxa6 Kg4 41. Rxh6 1-0


[Site "https://www.chess.com"]

[Event "Titled Tuesday Blitz June 6 Late 2023"]
[White "Ruiz Aguilar, Pablo Alexander"]
[Black "Araujo Filho, Luiz Antonio Coel"]
[WhiteFideId "4401352"]
[BlackFideId "2130661"]
[WhiteElo "2111"]
[BlackElo "2056"]
[Result "0-1"]
[Round "9"]
[TimeControl "180+2"]
[Date "2023.06.07"]
[WhiteClock "0:02:09"]
[BlackClock "0:02:40"]
[Board "101"]

1. e4 c6 2. d4 d5 3. exd5 cxd5 4. c4 Nf6 5. Nc3 Nc6 6. c5 e6 7. a3 Be7 8. Bf4 O-O 9. h3 Ne4 10. Bd3 Nxc3 11. bxc3 Bf6 12. Nf3 Re8 13. O-O e5 14. Be3 e4 15. Be2 exf3 16. Bxf3 Bf5 0-1


[Site "https://www.chess.com"]

[Event "Titled Tuesday Blitz June 6 Late 2023"]
[White "Lopez Perdomo, Juan David"]
[Black "Kohler, Aran"]
[WhiteFideId "4405137"]
[BlackFideId "1002856"]
[WhiteElo "1965"]
[BlackElo "2316"]
[Result "0-1"]
[Round "9"]
[TimeControl "180+2"]
[Date "2023.06.07"]
[WhiteClock "0:00:01"]
[BlackClock "0:00:10"]
[Board "102"]

1. d4 d5 2. c4 c6 3. e3 Nf6 4. Nf3 a6 5. Be2 e6 6. O-O b5 7. a4 bxc4 8. b3 cxb3 9. Qxb3 Nbd7 10. Nbd2 Bd6 11. Qc2 c5 12. Ba3 Qe7 13. Ne5 Nxe5 14. dxe5 Bxe5 15. Bxc5 Bd6 16. Bxd6 Qxd6 17. e4 O-O 18. exd5 Nxd5 19. Nc4 Qc7 20. Rac1 Bb7 21. Qb3 Rab8 22. Qa3 Rfd8 23. a5 Qf4 24. Bf3 g6 25. g3 Qf6 26. Nd6 Ba8 27. Ne4 Qe5 28. Rfe1 Qf5 29. Nd6 Qf6 30. Bg2 Kg7 31. Ne4 Qe7 32. Qa1+ Nf6 33. Rc3 Bxe4 34. Bxe4 Nxe4 35. Rxe4 Qf6 36. Rf4 Rd1+ 37. Kg2 Rxa1 38. Rxf6 Kxf6 0-1


[Site "https://www.chess.com"]